Map: Khaydarin Depths

Players

A.I. 3 (Medium)

  • Race: Zerg Zerg
  • Spawn Location: 3:00

A.I. 2 (Medium)

  • Race: Protoss Protoss
  • Spawn Location: 12:00

wasp - Winner!

  • Race: Protoss Protoss
  • Spawn Location: 9:00

larsgj - Winner!

  • Race: Terran Terran
  • Spawn Location: 6:00

VOD

Have the link to the VOD?

Description

Time

  • Played on: July 28, 2021, 1:21 p.m.
  • Length: 35:01
Show
View Real Time Build Order
Export as new Build Order

A.I. 3 (Medium) Zerg 

Build Orders: 1 Base Baneling Bust, Pool First 

Get SALT Encoding   

  12  0:01  Drone  
  13  0:12  Overlord  
  13  0:17  Drone  
  14  0:30  Drone  
  14  0:33  Drone  
  16  0:43  Spawning Pool  
  16  0:45  Drone  
  16  0:49  Drone  
  17  0:52  Extractor  
  17  0:55  Drone  
  17  1:06  Overlord  
  17  1:31  Queen, Zergling x2  
  20  1:37  Roach Warren  
  20  1:38  Drone  
  20  1:42  Extractor, Zergling x2  
  20  1:49  Drone  
  21  2:00  Drone  
  22  2:10  Overlord  
  22  2:21  Roach  
  24  2:32  Roach  
  26  2:43  Roach, Overlord  
  28  2:47  Drone  
  29  2:51  Drone  
  30  3:00  Roach  
  32  3:06  Baneling Nest  
  32  3:09  Drone  
  32  3:11  Roach  
  32  3:12  Drone  
  35  3:15  Drone  
  36  3:22  Drone  
  37  3:28  Evolution Chamber  
  37  3:33  Roach  
  38  3:42  Drone  
  38  3:44  Overlord  
  38  3:45  Drone  
  40  4:10  Zergling x2  
  40  5:18  Drone, Lair, Overlord  
  40  5:20  Spore Crawler  
  40  5:21  Drone  
  41  5:22  Spore Crawler  
  41  5:24  Drone  
  41  5:25  Evolution Chamber  
  41  5:27  Drone  
  41  5:29  Drone  
  41  5:44  Zergling x2  
  41  5:46  Spine Crawler  
  41  5:47  Drone  
  41  5:48  Spine Crawler  
  40  5:50  Drone  
  40  5:56  Roach  
  31  6:07  Roach  
  33  6:15  Queen  
  33  6:16  Overseer x2  
  35  6:18  Roach  
  35  6:19  Infestation Pit  
  35  6:22  Drone, Hydralisk Den  
  35  6:25  Spire  
  35  6:26  Drone  
  35  6:30  Roach  
  38  6:41  Roach  
  38  6:44  Hatchery  
  39  6:52  Hydralisk  
  41  7:04  Infestor  
  43  7:15  Infestor  
  45  7:56  Drone, Queen  
  48  7:59  Drone  
  48  8:03  Drone  
  50  8:05  Drone  
  50  8:08  Drone  
  50  8:11  Drone  
  53  8:14  Drone  
  53  8:15  Extractor  
  53  8:17  Drone  
  53  8:18  Spore Crawler  
  53  8:20  Drone  
  53  8:21  Spore Crawler  
  53  8:23  Drone  
  53  8:25  Drone  
  55  8:28  Drone  
  55  8:31  Drone  
  57  8:34  Drone  
  57  8:37  Drone  
  57  8:40  Drone  
  60  8:41  Overlord  
  60  8:45  Drone  
  60  8:47  Spine Crawler  
  60  8:48  Drone, Spine Crawler  
  61  8:51  Drone  
  61  8:54  Drone  
  62  8:57  Drone  
  62  8:59  Drone  
  65  9:02  Drone  
  65  9:06  Drone  
  66  9:15  Hydralisk, Hive, Pneumatized Carapace  
  68  9:19  Overlord  
  68  9:23  Overseer  
  68  9:30  Zergling x2  
  62  9:44  Hydralisk  
  54  9:46  Overseer  
  54  10:00  Overlord  
  54  10:04  Hydralisk  
  56  10:12  Zerg Melee Weapons Level 1  
  56  10:16  Hydralisk  
  56  10:17  Extractor  
  56  10:18  Zerg Ground Armor Level 1  
  57  10:21  Overlord  
  57  10:32  Ultralisk Cavern  
  57  10:35  Burrow  
  56  10:39  Drone  
  56  10:42  Drone  
  58  10:45  Drone  
  59  10:50  Greater Spire  
  59  11:20  Ultralisk  
  65  11:32  Ultralisk  
  71  11:40  Hatchery  
  71  11:44  Ultralisk  
  76  12:05  Spire  
  76  12:06  Zerg Missile Weapons Level 1  
  75  12:54  Drone, Queen  
  75  12:57  Drone  
  79  12:59  Drone  
  79  13:02  Extractor, Drone  
  79  13:05  Drone, Spore Crawler  
  80  13:08  Drone, Spore Crawler, Corruptor  
  80  13:09  Extractor, Overlord  
  80  13:11  Drone  
  82  13:19  Infestor  
  84  13:25  Zerg Melee Weapons Level 2  
  84  13:27  Drone, Overlord  
  84  13:29  Corruptor  
  84  13:30  Drone  
  84  13:32  Spine Crawler  
  84  13:33  Drone  
  87  13:34  Spine Crawler  
  87  13:36  Drone  
  87  13:39  Drone, Infestor  
  90  13:42  Drone  
  90  13:45  Drone  
  90  13:47  Overseer  
  90  13:48  Drone  
  71  13:50  Zergling x2  
  71  13:51  Drone, Overseer  
  71  13:52  Overlord  
  71  13:54  Drone  
  70  13:57  Drone  
  70  14:00  Brood Lord  
  73  14:04  Corruptor, Brood Lord  
  77  14:11  Overlord  
  77  14:14  Corruptor  
  79  14:19  Zerg Ground Armor Level 2  
  79  14:39  Corruptor, Brood Lord  
  79  14:40  Overlord  
  83  14:49  Corruptor  
  83  14:50  Brood Lord  
  87  15:14  Corruptor  
  87  15:15  Brood Lord  
  91  15:27  Zerg Flyer Weapons Level 1  
  91  15:40  Zerg Missile Weapons Level 2  
  91  15:52  Zerg Flyer Armor Level 1  
  91  16:10  Overseer  
  91  16:11  Overlord  
  91  16:35  Zerg Melee Weapons Level 3  
  91  16:58  Hatchery  
  90  17:21  Zerg Flyer Weapons Level 2  
  90  17:27  Zergling x2  
  86  17:31  Overseer  
  86  17:32  Overlord  
  86  17:36  Corruptor  
  84  17:46  Infestor  
  84  17:47  Zerg Flyer Armor Level 2, Overseer  
  66  17:51  Overlord  
  66  17:55  Infestor  
  66  17:57  Zerg Ground Armor Level 3  
  68  18:04  Corruptor  
  70  18:12  Drone, Queen  
  73  18:14  Brood Lord  
  73  18:17  Corruptor  
  76  18:21  Drone  
  77  18:35  Extractor  
  77  18:37  Drone  
  77  18:39  Spore Crawler  
  77  18:40  Drone, Corruptor, Brood Lord  
  81  18:48  Drone, Spore Crawler  
  81  18:49  Extractor  
  81  18:51  Drone  
  81  18:53  Corruptor, Brood Lord  
  85  19:13  Spine Crawler, Zerg Missile Weapons Level 3  
  85  19:14  Drone  
  85  19:15  Corruptor, Brood Lord  
  89  19:18  Spine Crawler  
  89  19:20  Drone  
  89  19:25  Drone  
  89  19:29  Overlord, Corruptor, Brood Lord  
  93  19:34  Drone  
  93  20:20  Drone  
  91  20:23  Hydralisk, Drone, Overlord  
  88  20:31  Zergling x2  
  88  20:32  Drone  
  88  20:35  Drone, Overseer  
  82  20:38  Roach, Drone  
  82  20:42  Drone, Infestor, Queen  
  69  20:43  Overlord  
  69  20:46  Corruptor  
  73  20:51  Corruptor  
  73  20:55  Infestor  
  77  21:01  Roach  
  77  21:03  Overlord  
  79  21:05  Roach  
  79  21:10  Roach  
  81  21:14  Roach  
  81  21:19  Roach  
  81  21:21  Overlord  
  81  21:23  Roach, Hatchery  
  78  21:26  Drone  
  78  21:28  Roach  
  78  21:31  Hatchery, Drone  
  79  21:32  Roach  
  79  21:34  Drone  
  79  21:37  Roach, Drone  
  79  21:39  Queen  
  78  21:41  Roach  
  78  21:44  Extractor, Drone  
  78  21:46  Roach  
  74  21:48  Overlord  
  74  21:50  Infestor  
  74  21:54  Extractor, Corruptor  
  69  21:59  Overlord  
  70  22:04  Overlord  
  66  22:19  Extractor  
  66  22:22  Mutalisk  
  65  22:23  Overlord  
  65  22:26  Spawning Pool  
  65  22:29  Evolution Chamber  
  65  22:30  Evolution Chamber  
  64  22:37  Infestor  
  64  22:41  Overlord  
  64  22:50  Extractor  
  62  23:01  Drone  
  62  23:04  Drone  
  60  23:07  Drone  
  61  23:14  Zergling x2  
  61  23:15  Drone, Spore Crawler  
  61  23:16  Lair  
  61  23:18  Drone, Spore Crawler  
  62  23:21  Drone  
  62  23:22  Spore Crawler  
  62  23:24  Drone  
  62  23:25  Spore Crawler  
  62  23:27  Drone  
  62  23:28  Spore Crawler  
  62  23:29  Overlord  
  62  23:30  Drone  
  62  23:33  Drone  
  64  23:47  Drone, Spore Crawler, Overlord, Queen  
  64  23:48  Queen  
  68  23:49  Spine Crawler  
  68  23:50  Drone  
  68  23:53  Drone, Spine Crawler  
  68  23:55  Spine Crawler  
  67  23:56  Drone  
  67  23:58  Spine Crawler  
  67  23:59  Drone  
  67  24:00  Baneling Nest  
  67  24:01  Roach Warren  
  67  24:02  Drone  
  67  24:04  Drone  
  67  24:07  Overlord, Drone  
  69  24:10  Drone  
  69  24:13  Overseer  
  69  24:14  Drone, Overseer x2, Infestation Pit  
  70  24:17  Spire, Drone  
  70  24:20  Drone, Hydralisk Den  
  70  24:25  Overlord, Drone  
  71  24:41  Roach  
  71  24:45  Roach  
  75  24:48  Roach  
  75  24:52  Roach  
  79  24:53  Hive  
  79  24:56  Roach  
  79  24:59  Roach  
  83  25:03  Roach  
  83  25:07  Roach  
  87  25:10  Hydralisk  
  91  25:14  Roach  
  91  25:17  Hydralisk  
  91  25:20  Hydralisk  
  95  25:24  Hydralisk  
  97  25:28  Roach  
  97  25:32  Roach  
  101  25:36  Roach  
  101  25:39  Hydralisk  
  101  25:41  Roach x3  
  105  25:44  Roach  
  105  25:47  Roach  
  100  25:50  Queen  
  100  25:51  Roach  
  100  25:54  Spine Crawler  
  100  25:55  Roach  
  89  25:58  Overlord  
  89  25:59  Roach  
  89  26:02  Roach  
  89  26:03  Drone  
  80  26:06  Roach, Drone  
  80  26:09  Hydralisk, Drone  
  84  26:12  Drone  
  84  26:13  Roach  
  84  26:14  Hatchery  
  84  26:16  Drone, Spine Crawler, Overlord  
  84  26:17  Roach  
  88  26:19  Drone  
  88  26:20  Infestor  
  88  26:22  Ultralisk Cavern  
  88  26:23  Drone, Greater Spire  
  88  26:24  Roach  
  93  26:28  Roach  
  93  26:32  Roach  
  97  26:35  Roach  
  97  26:36  Overlord  
  97  26:37  Overlord  
  95  26:40  Overlord  
  95  26:58  Overlord, Mutalisk  
  95  27:01  Hydralisk  
  95  27:05  Hydralisk  
  91  27:09  Zergling x2  
  91  27:13  Roach  
  94  27:17  Roach, Overlord  
  94  27:20  Roach  
  90  27:24  Roach  
  90  27:28  Roach  
  94  27:31  Roach  
  94  27:34  Spore Crawler  
  94  27:35  Hydralisk  
  97  27:38  Spore Crawler  
  97  27:40  Roach  
  97  27:41  Spire  
  97  27:42  Hydralisk  
  99  27:46  Infestor  
  99  27:47  Viper  
  99  27:48  Overlord  
  104  27:52  Hydralisk  
  106  27:58  Infestor  
  106  28:04  Spine Crawler, Infestor  
  109  28:07  Overlord  
  109  28:10  Hydralisk  
  111  28:16  Corruptor  
  113  28:22  Hydralisk  
  111  28:27  Overlord  
  111  28:28  Hydralisk  
  113  28:44  Zergling x2  
  112  28:48  Infestation Pit  
  112  28:50  Queen x2  
  112  28:51  Mutalisk  
  112  28:54  Evolution Chamber  
  112  28:58  Zergling x2  
  112  29:01  Roach Warren  
  111  29:04  Evolution Chamber  
  111  29:05  Mutalisk  
  106  29:14  Hydralisk  
  106  29:16  Drone  
  96  29:20  Hydralisk  
  79  29:26  Corruptor  
  81  29:32  Infestor  
  83  29:40  Mutalisk, Spawning Pool  
  84  29:58  Drone  
  84  29:59  Drone x3  
  35  30:07  Corruptor  
  35  30:12  Hatchery  
  10  30:19  Drone  
  7  30:30  Zergling x2  
  7  30:34  Drone  
Show
View Real Time Build Order
Export as new Build Order

A.I. 2 (Medium) Protoss 

Build Orders:  

Get SALT Encoding   

  12  0:01  Probe  
  13  0:13  Probe  
  14  0:21  Pylon  
  14  0:25  Probe  
  15  0:35  Probe  
  16  0:43  Probe  
  16  0:49  Assimilator  
  17  0:51  Gateway  
  17  0:52  Probe  
  18  1:00  Pylon  
  18  1:30  Gateway  
  18  1:34  Assimilator  
  18  1:38  Cybernetics Core  
  18  1:40  Zealot  
  20  1:58  Zealot  
  22  2:10  Warp Gate  
  22  2:16  Stalker  
  22  2:18  Pylon  
  24  2:31  Stalker  
  24  2:36  Probe  
  27  2:46  Stalker  
  27  2:48  Probe  
  30  2:58  Pylon  
  30  3:00  Probe  
  30  3:01  Stalker  
  33  3:11  Forge  
  33  3:12  Probe  
  34  3:24  Probe  
  35  3:36  Probe  
  36  5:09  Probe  
  36  5:16  Sentry  
  36  5:17  Probe  
  36  5:18  Pylon  
  36  5:21  Photon Cannon  
  38  5:23  Photon Cannon  
  38  5:26  Robotics Facility  
  39  5:28  Adept  
  39  5:29  Stargate  
  39  5:32  Twilight Council  
  39  5:34  Gateway  
  41  5:38  Forge  
  41  5:40  Stalker  
  41  5:42  Pylon  
  39  5:53  Sentry  
  33  6:05  Adept  
  35  6:16  Observer  
  35  6:17  Stalker  
  38  6:29  Zealot  
  40  6:37  Observer  
  40  6:39  Nexus  
  41  6:41  Stalker  
  43  6:53  Stalker  
  45  7:06  Zealot  
  47  7:18  Stalker  
  50  7:51  Probe x2  
  51  7:59  Observer  
  51  8:00  Probe  
  51  8:03  Probe  
  53  8:08  Assimilator  
  53  8:09  Probe  
  53  8:11  Pylon  
  53  8:12  Pylon  
  54  8:14  Assimilator  
  54  8:15  Probe  
  54  8:19  Probe  
  56  8:27  Probe x2  
  56  8:32  Photon Cannon  
  58  8:34  Photon Cannon  
  58  8:36  Probe  
  58  8:39  Probe  
  60  8:48  Probe x2  
  62  8:57  Probe  
  62  9:01  Probe  
  64  9:06  Probe  
  65  9:13  Probe  
  66  9:18  Probe  
  67  9:25  Probe  
  67  9:27  Probe  
  69  9:34  Warp Prism  
  69  9:37  Probe  
  70  9:40  Stalker  
  70  9:41  Gateway  
  70  9:43  Robotics Facility  
  74  9:46  Protoss Ground Weapons Level 1  
  74  9:47  Stargate  
  74  9:52  Pylon, Robotics Bay  
  74  9:57  Fleet Beacon  
  68  10:05  Warp Prism  
  64  10:10  Zealot  
  56  10:22  Stalker  
  58  10:30  Observer  
  58  10:34  Stalker  
  61  10:42  Gravitic Boosters  
  61  10:43  Protoss Ground Armor Level 1  
  61  10:47  Stalker  
  63  10:55  Templar Archives  
  63  10:58  Dark Shrine  
  63  10:59  Stalker  
  65  11:11  Stalker  
  67  11:20  Colossus  
  67  11:23  Sentry  
  69  11:34  Nexus  
  69  11:39  Gravitic Drive  
  75  11:46  Carrier  
  81  12:46  Probe  
  81  12:49  Probe  
  83  12:52  Probe  
  83  12:57  Probe, Assimilator  
  85  12:59  Pylon  
  85  13:01  Probe  
  85  13:02  Pylon  
  85  13:04  Probe  
  87  13:05  Probe  
  88  13:13  Probe  
  88  13:15  Assimilator  
  89  13:22  Photon Cannon  
  89  13:24  Photon Cannon  
  89  13:41  Void Ray  
  89  13:51  Void Ray  
  89  13:54  Stargate  
  89  13:55  Protoss Air Weapons Level 1  
  93  13:57  Pylon  
  97  14:13  Tempest  
  94  14:26  Void Ray  
  89  14:34  Observer  
  89  14:37  Phoenix  
  79  14:43  Observer  
  79  14:46  Stargate  
  79  14:49  Void Ray  
  80  14:54  Void Ray  
  84  15:01  Protoss Shields Level 1  
  88  15:11  Phoenix  
  90  15:24  Void Ray  
  90  15:26  Protoss Ground Weapons Level 2  
  94  15:46  Nexus  
  94  15:53  Protoss Air Armor Level 1  
  94  17:04  Protoss Ground Armor Level 2  
  94  17:14  Assimilator  
  94  17:17  Pylon  
  94  17:18  Stalker  
  94  17:20  Pylon  
  94  17:21  Assimilator  
  96  17:24  Stalker  
  98  17:31  Zealot  
  92  17:37  Stalker  
  92  17:40  Protoss Shields Level 2, Photon Cannon  
  92  17:43  Photon Cannon  
  92  17:44  Stalker  
  71  17:47  Observer  
  71  17:50  Sentry  
  73  17:53  Protoss Air Weapons Level 2  
  73  17:57  Zealot  
  75  18:00  Blink  
  75  18:03  Stalker  
  77  18:10  Stalker  
  79  18:16  Stalker  
  81  18:23  Stalker  
  81  18:24  Observer  
  83  18:29  Sentry  
  83  18:32  Colossus  
  85  18:36  Adept  
  93  18:49  Tempest  
  98  19:40  Protoss Ground Weapons Level 3  
  98  19:55  Protoss Air Armor Level 2, Protoss Ground Armor Level 3  
  98  20:42  Stalker  
  98  20:48  Colossus  
  86  20:55  Sentry  
  77  21:02  Sentry  
  79  21:08  Stalker  
  81  21:15  Stalker  
  83  21:21  Stalker  
  85  21:28  Stalker  
  87  21:34  Tempest  
  88  21:41  Stalker  
  82  21:48  Stalker  
  84  21:54  Stalker  
  84  21:56  Disruptor  
  87  22:06  Void Ray  
  87  22:07  Zealot  
  85  22:18  Protoss Shields Level 3  
  85  22:20  Sentry  
  87  22:26  Sentry  
  89  22:33  Zealot  
  91  22:40  Stalker  
  93  22:46  Stalker  
  95  22:53  Stalker  
  95  22:57  Disruptor  
  97  22:59  Stalker  
  102  23:59  Observer  
  102  24:19  Stalker  
  100  24:25  Adept  
  83  24:32  Stalker  
  67  24:39  Zealot  
  67  24:45  Observer, Stalker  
  70  24:52  Sentry  
  72  24:58  Zealot  
  74  25:05  Sentry  
  72  25:11  Stalker  
  70  25:14  Void Ray  
  70  25:18  Zealot  
  72  25:30  Colossus  
  78  25:37  Tempest  
  83  25:44  Stalker  
  85  25:50  Stalker  
  87  25:57  Stalker  
  89  26:04  Sentry  
  89  26:11  Zealot  
  92  26:17  Adept  
  92  26:24  Stalker  
  88  26:35  Gateway  
  86  26:45  Cybernetics Core, Zealot  
  80  26:49  Forge  
  74  26:55  Forge  
  74  26:59  Robotics Bay  
  74  27:02  Templar Archives  
  70  27:12  Forge  
  68  27:22  Stalker  
  68  27:29  Stalker  
  70  27:33  Pylon  
  70  27:40  Twilight Council  
  70  27:42  Stargate  
  69  27:45  Forge  
  69  27:46  Sentry  
  69  27:48  Gateway  
  71  27:56  Adept  
  67  28:13  Pylon  
  67  28:16  Robotics Facility  
  67  28:18  Pylon  
  55  28:22  Gateway  
  52  28:38  Gateway  
  34  28:42  Zealot  
  34  28:43  Pylon  
  34  28:48  Cybernetics Core  
  36  28:49  Forge  
  36  28:53  Dark Shrine  
  36  28:55  Fleet Beacon  
  36  28:56  Zealot  
  34  29:03  Warp Prism  
  31  29:11  Zealot  
  31  29:14  Photon Cannon  
  27  29:17  Photon Cannon  
  27  29:23  Adept  
  27  29:31  Stalker  
  27  29:32  Robotics Facility  
  27  29:34  Stargate, Gateway  
  27  29:36  Sentry  
  30  29:38  Warp Prism  
  30  29:44  Adept  
  34  29:53  Stalker  
  34  29:58  Stalker  
  36  30:04  Sentry  
  37  30:14  Adept  
  37  30:15  Immortal  
  37  30:16  Immortal  
  47  30:24  Adept  
  48  30:30  Adept  
  48  30:35  Adept  
  44  30:40  Zealot  
  42  30:45  Sentry  
  34  30:50  Zealot  
  34  30:55  Adept  
  30  31:00  Probe, Zealot  
  30  31:03  Probe  
  32  31:05  Sentry  
  32  31:09  Adept  
  33  31:12  Warp Prism  
  33  31:15  Probe, Adept  
  33  31:16  Warp Prism  
  33  31:17  Photon Cannon  
  29  31:21  Adept  
  31  31:27  Probe  
  31  31:28  Void Ray  
  31  31:32  Stalker  
  29  31:36  Sentry  
  24  31:40  Photon Cannon  
  24  31:41  Adept  
  24  31:45  Zealot  
  22  31:53  Immortal  
  16  31:57  Sentry  
  16  32:01  Stalker  
  16  32:02  Pylon  
  16  32:09  Immortal  
  12  32:20  Zealot  
  18  32:27  Zealot  
  13  32:42  Zealot  
Show
View Real Time Build Order
Export as new Build Order

wasp Protoss - Winner!

Build Orders:  

Get SALT Encoding   

  12  0:17  Pylon  
  12  0:26  Pylon  
  12  0:35  Assimilator  
  12  0:44  Gateway  
  12  1:01  Forge  
  12  1:17  Assimilator  
  12  1:40  Cybernetics Core  
  12  2:07  Zealot  
  14  2:24  Probe  
  15  2:34  Zealot  
  15  2:36  Probe  
  18  2:48  Probe  
  19  3:00  Probe  
  20  3:12  Probe  
  21  3:25  Probe  
  22  3:59  Warp Gate  
  22  4:15  Pylon  
  22  4:21  Stalker  
  24  4:41  Photon Cannon  
  24  4:48  Photon Cannon  
  24  4:51  Stalker  
  26  4:57  Photon Cannon  
  26  5:21  Zealot  
  28  5:22  Photon Cannon  
  28  5:33  Pylon  
  28  5:45  Shield Battery  
  28  5:48  Stalker  
  30  6:16  Gateway  
  30  6:18  Zealot  
  32  6:24  Gateway  
  32  7:11  Zealot  
  34  7:35  Zealot  
  34  7:36  Zealot  
  38  7:38  Stalker  
  40  7:59  Zealot  
  40  8:00  Zealot  
  40  8:02  Stalker  
  46  8:50  Stargate  
  46  9:00  Stargate  
  46  9:22  Pylon  
  46  9:30  Pylon  
  46  9:38  Robotics Facility  
  46  9:41  Fleet Beacon  
  46  10:11  Pylon  
  46  10:22  Zealot  
  48  10:28  Stalker  
  50  10:59  Tempest  
  55  11:06  Carrier  
  61  11:42  Tempest  
  66  12:05  Twilight Council  
  66  12:25  Tempest  
  71  12:46  Pylon  
  71  12:49  Pylon  
  71  12:53  Pylon  
  71  12:56  Pylon  
  71  12:59  Pylon  
  71  13:03  Pylon  
  71  13:04  Carrier  
  77  13:10  Pylon  
  77  13:14  Pylon  
  77  13:18  Pylon  
  77  13:29  Pylon  
  65  13:59  Tempest  
  70  14:09  Carrier  
  76  14:11  Charge  
  74  14:47  Robotics Facility  
  74  15:38  Immortal  
  78  15:49  Robotics Bay  
  78  16:02  Templar Archives  
  78  16:12  Dark Shrine  
  78  16:15  Zealot  
  80  16:42  Disruptor  
  87  17:42  Colossus  
  77  18:07  Dark Templar  
  77  18:11  High Templar  
  81  18:14  Zealot  
  83  18:26  Archon  
  83  18:35  High Templar  
  85  18:45  Dark Templar  
  87  19:01  Dark Templar  
  56  20:52  High Templar  
  35  23:52  Assimilator  
  31  24:50  Assimilator  
  31  24:58  Assimilator  
  29  26:51  Zealot  
  31  30:02  Nexus  
  31  31:57  Dark Templar  
  33  32:15  Dark Templar  
  35  32:45  Dark Templar  
  37  32:58  Archon  
Show
View Real Time Build Order
Export as new Build Order

larsgj Terran - Winner!

Build Orders:  

Get SALT Encoding   

  12  0:01  SCV  
  13  0:17  Supply Depot  
  13  0:25  Supply Depot  
  14  0:28  SCV  
  14  0:40  SCV  
  15  0:46  Barracks  
  15  1:04  SCV  
  15  1:05  Engineering Bay  
  16  1:17  SCV  
  17  1:29  SCV  
  18  1:41  SCV  
  18  1:45  Bunker  
  19  1:49  Marine  
  19  1:53  SCV  
  21  2:02  Barracks  
  21  2:05  SCV  
  21  2:07  Marine  
  23  2:17  SCV, Refinery  
  24  2:23  Refinery  
  24  2:25  Marine  
  24  2:29  SCV  
  26  2:40  Supply Depot  
  26  2:41  SCV  
  27  2:53  SCV  
  28  3:02  Marine x2  
  28  3:03  Supply Depot  
  30  3:05  SCV  
  31  3:17  Bunker  
  31  3:20  Marine x2  
  33  3:31  Missile Turret  
  33  3:38  Marine x2  
  35  3:54  Missile Turret  
  35  3:56  Marine  
  36  4:03  Orbital Command  
  36  4:09  Supply Depot  
  36  4:16  Missile Turret  
  36  4:24  Command Center  
  36  4:37  Missile Turret  
  36  4:39  Bunker  
  36  4:49  Marine x2  
  38  4:59  Missile Turret  
  38  5:07  Marine x2  
  38  5:14  Bunker  
  40  5:24  Marine  
  40  5:25  Marine  
  42  5:33  Terran Infantry Weapons Level 1  
  42  5:42  Marine  
  42  5:43  Marine  
  42  5:45  Bunker  
  37  6:00  Marine  
  37  6:01  Marine  
  39  6:21  Marine x2  
  41  6:39  Marine x2  
  43  6:41  Bunker  
  43  6:56  Marine  
  43  6:57  Marine  
  45  7:14  Marine  
  45  7:15  Marine  
  47  7:24  Factory  
  47  7:28  Terran Infantry Armor Level 1  
  47  7:32  Marine x2  
  49  7:50  Marine x2  
  51  8:08  Marine x2  
  53  8:25  Marine  
  53  8:26  Marine  
  55  8:40  SCV  
  56  8:43  Marine  
  56  8:44  Marine  
  58  8:52  SCV  
  59  9:04  SCV  
  60  9:16  Armory, SCV  
  61  9:20  Starport  
  61  9:27  Barracks Tech Lab  
  61  9:28  SCV, Barracks Tech Lab, Supply Depot  
  58  9:40  SCV  
  58  9:43  Hi-Sec Auto Tracking  
  58  9:52  SCV  
  45  10:21  Missile Turret  
  45  10:24  Medivac  
  47  10:33  Combat Shield  
  47  10:40  Neosteel Armor  
  47  10:42  Marine, Missile Turret  
  48  10:43  Marine  
  48  10:48  SCV  
  50  10:54  Medivac  
  52  11:00  SCV, Marine x2  
  52  11:03  Starport  
  55  11:09  Supply Depot  
  55  11:12  SCV  
  55  11:18  Marine x2  
  57  11:24  SCV, Medivac  
  61  11:32  Supply Depot  
  61  11:35  Refinery  
  61  11:36  Marine x2, SCV  
  61  11:38  Refinery  
  64  11:41  Starport  
  64  11:49  Orbital Command  
  64  11:53  Marine  
  65  11:54  Marine, Medivac  
  65  11:55  Supply Depot  
  68  12:15  Terran Vehicle And Ship Armor Level 1  
  68  12:19  Supply Depot  
  68  12:20  Terran Infantry Weapons Level 2  
  68  12:24  Medivac  
  70  12:32  Marine  
  70  12:33  Marine  
  72  12:42  Supply Depot  
  72  12:44  Barracks  
  72  12:47  Starport Tech Lab x2  
  72  12:50  Marine x2  
  74  12:58  Missile Turret  
  74  13:04  Supply Depot  
  74  13:08  Marine x2  
  76  13:20  Missile Turret  
  76  13:25  Marine  
  76  13:26  Marine  
  74  13:43  Marine  
  74  13:44  Marine  
  76  13:58  Starport Tech Lab  
  75  14:15  Fusion Core  
  59  14:29  Marine  
  59  14:30  Marine  
  59  14:36  Barracks Reactor, Terran Infantry Armor Level 2  
  59  14:47  Marine x2  
  61  14:58  Terran Ship Weapons Level 1  
  61  15:05  Marine x2  
  63  15:10  Battlecruiser  
  63  15:11  Battlecruiser x2  
  81  15:22  Marine  
  81  15:23  Marine  
  83  15:38  Weapon Refit  
  83  15:40  Marine  
  83  15:41  Marine  
  85  16:15  Battlecruiser x3  
  103  16:30  Command Center  
  103  16:51  Terran Vehicle And Ship Armor Level 2  
  103  16:52  Terran Infantry Weapons Level 3  
  103  16:54  Command Center  
  102  17:58  Battlecruiser x3  
  120  18:30  Refinery  
  120  18:59  Orbital Command  
  120  19:02  Orbital Command  
  120  20:07  Terran Ship Weapons Level 2  
  120  21:46  Battlecruiser x3  
  138  22:23  Terran Vehicle And Ship Armor Level 3  
  138  22:50  Battlecruiser  
  144  23:33  Terran Infantry Armor Level 3  
  144  24:13  Marine  
  144  24:14  Marine x3  
  148  24:31  Marine x4  
  149  24:49  Marine x4  
  153  25:00  Terran Ship Weapons Level 3  
  153  25:07  Marine x4  
  157  25:24  Marine  
  157  25:25  Marine x3  
  161  25:38  Refinery  
  161  25:42  Marine  
  162  25:43  Marine x3  
  156  26:00  Marine x2  
  156  26:01  Marine x2  
  159  26:17  Battlecruiser x3  
  177  26:18  Marine x2  
  173  27:21  Battlecruiser x2  
Tags
 
Add a new tag
Caveats
  • Supply blocks, unpowered buildings, or Contaminate may cause inaccurate times.
  • Supply counts are checked every 10 seconds.